AoeStats
← Kanyaga

Hideout

507996986Analyzed
1v1 RM · 12d ago on Sep 20, 2026· 41m 36s· 2 players
Game mode
Random Map
Map size
Tiny (2 player)
Population
200
Speed
Normal
Resources
Standard
Victory
Conquest
Starting age
Dark Age
Ending age
Imperial Age
RankedLock teamsTeams togetherTeam positionsShared explorationLock speedFull tech treeHidden civsTurbo modeCheats
Victory
Defeat
🇨🇭 Persians · Switzerland
1441
+17
🇹🇷 Mongols · Türkiye
1471
-17
alphaomega5974
9:48 Feudal Age
10:10 Loom
10:33 Double-Bit Axe
13:38 Castle Age
11:42 Double-Bit Axe
12:20 Horse Collar
19:41 Wheelbarrow
19:44 Heavy Plow
20:55 Bow Saw
25:09 Hand Cart
25:23 Stone Mining
29:59 Imperial Age
27:36 Scale Barding Armor
27:42 Forging
27:50 Husbandry
27:45 Gold Mining
29:32 Chain Barding Armor
30:21 Bloodlines
29:59 Cavalier
32:06 Plate Barding Armor
31:56 Conscription
32:31 Stone Shaft Mining
32:18 Savar
33:58 Iron Casting
35:05 Gold Shaft Mining
35:51 Blast Furnace
35:04 Town Watch
38:04 Fletching
40:19 Light Cavalry
Kanyaga
2:22 Loom
8:37 Feudal Age
9:20 Double-Bit Axe
9:16 Horse Collar
17:12 Castle Age
18:20 Bow Saw
18:53 Wheelbarrow
18:42 Heavy Plow
24:16 Town Watch
30:23 Imperial Age
28:08 Hand Cart
28:26 Fletching
28:36 Padded Archer Armor
29:04 Gold Mining
29:16 Bodkin Arrow
30:29 Husbandry
30:40 Bloodlines
31:05 Leather Archer Armor
31:40 Conscription
33:07 Chemistry
32:28 Ballistics
32:37 Bracer
33:33 Scale Barding Armor
33:40 Forging
33:39 Town Watch
35:17 Siphons
34:41 Elite Mangudai
37:57 Thumb Ring
38:29 Parthian Tactics
39:18 Light Cavalry
Connection lost

Rejoining the realm…

Still unreachable

The connection could not be restored.

Session expired

The server has moved on; the page needs a fresh start.